 Dungeon Crawl Stone Soup version 0.28-a0-925-gd5e1996cdb (webtiles) character file.

Game seed: 77667248862834521

14779 croobank the Spear-Bearer (level 12, -1/97 HPs)
             Began as a Gnoll Cinder Acolyte on Nov 26, 2021.
             Was a High Priest of Ignis.
             Slain by a cane toad (7 damage)
             ... while petrified by a basilisk
             ... on level 3 of the Lair of Beasts.
             The game lasted 01:36:19 (14892 turns).

croobank the Spear-Bearer (Gnoll Cinder Acolyte)   Turns: 14892, Time: 01:36:19

Health: -1/97      AC: 10    Str: 17    XL:     12   Next: 20%
Magic:  23/23      EV:  2    Int: 19    God:    Ignis [*****.]
Gold:   498        SH:  0    Dex: 15    Spells: 6/26 levels left

rFire   + + +      SeeInvis +   a - +8 spear "Futhry" {spect, rF+++ rN+++ Str-5 Stlth-}
rCold   + . .      Faith    .   Q - +0 buckler
rNeg    + + +      Spirit   .   e - +0 leather armour
rPois   ∞          Reflect  .   B - +1 helmet "Nifi" {rPois Stlth+}
rElec   .          Harm     .   (no cloak)
rCorr   .          Rampage  .   f - +2 pair of gloves {hurl}
Will    .....                   p - +0 pair of boots
Stlth   +++.......              l - amulet of the acrobat
HPRegen 0.26/turn               E - ring of the Vendetta {rN+ Will- Str+4 Dex+6 SInv}
MPRegen 0.18/turn               R - ring of Fawufuj {rC+ Int+6 Slay+3}

@: petrified
A: fangs 1, strong nose, distributed training
a: Renounce Religion, Fiery Armour, Foxfire Swarm, Rising Flame


You were on level 3 of the Lair of Beasts.
You worshipped Ignis.
Ignis was extremely pleased with you.
You visited 2 branches of the dungeon, and saw 11 of its levels.
You also visited: Sewer.

You collected 1591 gold pieces.
You spent 1093 gold pieces at shops.

Inventory:

Hand Weapons
 a - the +8 spear "Futhry" (weapon) {spect, rF+++ rN+++ Str-5 Stlth-}
   (You found it on level 6 of the Dungeon)

   When its wielder attacks, the weapon's spirit leaps out and strikes again.
   The spirit shares a part of any damage it takes with its wielder.
   Str:       It affects your strength (-5).
   rF:        It renders you almost immune to fire.
   rN:        It renders you almost immune to negative energy.
   Stlth:     It makes you less stealthy.
 b - a +0 shortbow
 c - a +1 whip of electrocution
 h - a +2 mace of protection
 m - a -1 spear of flaming
 u - a +3 vorpal spear
 v - a +0 vampiric glaive
 y - a +1 dagger of speed
 M - a +3 battleaxe of freezing
 N - a +2 short sword
Missiles
 d - 451 stones
 k - 112 bolts
 s - 57 sling bullets
 J - 41 arrows
 O - 7 poisoned darts
 U - 2 throwing nets
Armour
 e - a +0 leather armour (worn)
 f - a +2 pair of gloves of hurling (worn)
 p - a +0 pair of boots (worn)
 r - a +0 scale mail
 w - a +0 plate armour
 z - a +0 chain mail
 B - the +1 helmet "Nifi" (worn) {rPois Stlth+}
   (You acquired it on level 7 of the Dungeon)

   rPois:     It protects you from poison.
   Stlth:     It makes you more stealthy.
 C - a scarf of shadows
 L - a +0 tower shield
 Q - a +0 buckler (worn)
Jewellery
 l - an amulet of the acrobat (around neck)
 E - the ring of the Vendetta (left hand) {rN+ Will- Str+4 Dex+6 SInv}
   (You bought it in a shop on level 7 of the Dungeon)

   [ring of dexterity]

   Str:       It affects your strength (+4).
   Dex:       It affects your dexterity (+6).
   rN:        It protects you from negative energy.
   SInv:      It lets you see invisible.
   Will:      It decreases your willpower.
 F - a +4 ring of protection
 K - a ring of resist corrosion
 R - the ring of Fawufuj (right hand) {rC+ Int+6 Slay+3}
   (You found it on level 2 of the Lair of Beasts)

   [ring of intelligence]

   Int:       It affects your intelligence (+6).
   Slay:      It affects your accuracy & damage with ranged weapons and melee
   (+3).
   rC:        It protects you from cold.
Wands
 x - a wand of polymorph (10)
 A - a wand of iceblast (5)
 G - a wand of paralysis (1)
Scrolls
 i - 2 scrolls of teleportation
 j - 3 scrolls of noise
 D - a scroll of fog
 I - a scroll of enchant weapon {unknown}
 P - a scroll of amnesia {unknown}
 S - a scroll of acquirement
Potions
 g - 4 potions of curing
 n - 4 potions of attraction
 o - a potion of heal wounds
 t - a potion of ambrosia
 H - a potion of degeneration
 T - a potion of lignification


   Skills:
 + Level 9.7 Fighting
 + Level 7.0 Short Blades
 + Level 7.0 Long Blades
 + Level 7.0 Axes
 + Level 7.0 Maces & Flails
 + Level 9.7 Polearms
 + Level 7.0 Staves
 + Level 7.0 Slings
 + Level 7.0 Bows
 + Level 7.0 Crossbows
 + Level 7.0 Throwing
 + Level 7.0 Armour
 + Level 7.0 Dodging
 + Level 7.0 Stealth
 + Level 7.0 Shields
 + Level 7.0 Unarmed Combat
 + Level 7.6 Spellcasting
 + Level 5.8 Conjurations
 + Level 5.8 Hexes
 + Level 5.8 Summonings
 + Level 5.8 Necromancy
 + Level 5.8 Translocations
 + Level 5.8 Transmutations
 + Level 8.1 Fire Magic
 + Level 5.8 Ice Magic
 + Level 5.8 Air Magic
 + Level 5.8 Earth Magic
 + Level 5.8 Poison Magic
 + Level 7.7 Invocations
 + Level 7.0 Evocations


You had 6 spell levels left.
You knew the following spells:

 Your Spells              Type           Power      Damage    Failure   Level
a - Scorch                Fire           76%        2d8       1%          2
b - Animate Skeleton      Necr           58%        N/A       1%          1
c - Summon Small Mammal   Summ           100%       N/A       1%          1
d - Apportation           Tloc           58%        N/A       1%          1
e - Portal Projectile     Hex/Tloc       58%        N/A       3%          3
f - Sting                 Tmut/Pois      100%       1d8       1%          1
g - Poisonous Vapours     Pois/Air       58%        N/A       1%          2
h - Tukima's Dance        Hex            29%        N/A       3%          3
i - Conjure Flame         Conj/Fire      33%        6-21      1%          3
j - Ignite Poison         Fire/Tmut/Pois 32%        N/A       2%          3

Your spell library contained the following spells:

 Spells                   Type           Power      Damage    Failure   Level
 Sticky Flame             Conj/Fire      33%        2d5       6%          4
 Olgreb's Toxic Radiance  Pois           29%        N/A       10%         4
 Passage of Golubria      Tloc           29%        N/A       10%         4
 Fireball                 Conj/Fire      16%        3d8       17%         5
 Blade Hands              Tmut           14%        N/A       28%         5
 Excruciating Wounds      Necr           14%        N/A       28%         5
 Yara's Violent Unravell  Hex/Tmut       14%        3d7       28%         5
 Starburst                Conj/Fire      16%        6d6       67%         6
 Ignition                 Fire           19%        3d7       100%        8


Dungeon Overview and Level Annotations

Branches:
Dungeon (8/15)             Temple (0/1) D:4            Lair (3/6) D:8
 Shoals (0/4) Lair:2        Snake (0/4) Lair:3        Sewer (visited)

Altars:
Ru
Trog
Uskayaw
Xom
Yredelemnul
The Shining One

Shops:
D:3 (   D:5 *   D:7 =


Innate Abilities, Weirdness & Mutations

You have very sharp teeth.
Your uncanny sense of smell can sniff out nearby items.
Your experience applies equally to all skills.


Message History

The killer bee stings you! The killer bee closely misses you.
You have turned to stone.
The cane toad croaks.
A killer bee comes into view.
The killer bee stings you.
A cane toad comes into view.
A killer bee comes into view.
The killer bee stings you but does no damage.
The killer bee stings you! The yak gores you!
The killer bee stings you but does no damage.
The killer bee stings you. The yak gores you but does no damage.
The water moccasin bites you.
The killer bee stings you but does no damage.
The killer bee stings you but does no damage.
The cane toad stings you!
The killer bee stings you but does no damage.
The water moccasin bites you but does no damage.
The yak gores you!
* * * LOW HITPOINT WARNING * * *
The killer bee stings you but does no damage.
The cane toad stings you!
* * * LOW HITPOINT WARNING * * *
The killer bee stings you but does no damage.
A killer bee comes into view.
The killer bee stings you but does no damage.
The water moccasin bites you but does no damage.
The killer bee stings you but does no damage.
The killer bee stings you!
* * * LOW HITPOINT WARNING * * *
The cane toad stings you!
* * * LOW HITPOINT WARNING * * *
The yak gores you!
* * * LOW HITPOINT WARNING * * *
The killer bee stings you but does no damage.
The water moccasin bites you but does no damage.
The killer bee stings you but does no damage.
The killer bee moves out of view.
The killer bee stings you but does no damage. x2
A killer bee comes into view.
The killer bee barely misses you. The cane toad stings you!
You die...

###
#.#####P#####..
......y........
......F@yY.....
......yYSF.....
.......Y.Y.....
...............
...............
y##y##.#.......
.# .# #......
## # #.....


You could see 4 yaks, 2 cane toads, a water moccasin and 5 killer bees.

Vanquished Creatures
  3 hydras
  An elephant (Lair:3)
  A black mamba (Lair:2)
  A torpor snail (Lair:3)
  3 cane toads
  Maggie (D:7)
  A rime drake (Lair:3)
  2 polar bears
  7 blink frogs
  6 wyverns
  5 yaks
  A steam dragon (Lair:3)
  8 basilisks
  8 water moccasins
  3 orc warriors
  3 ice beasts
  2 hornet zombies
  3 necrophages
  3 ogres
  5 wolves
  3 centaurs
  2 phantoms (D:5)
  9 bullfrogs
  A kobold brigand (D:8)
  5 scorpions
  A water moccasin zombie (D:5)
  A water moccasin skeleton (D:6)
  23 killer bees
  2 howler monkeys
  3 wights (D:8)
  3 centaur zombies (D:7)
  3 hounds
  2 jellies
  5 orc priests
  3 orc wizards
  An iguana (D:7)
  7 hell rats
  A hound skeleton (D:5)
  4 adders
  24 river rats
  2 white imps
  2 ufetubi
  2 worms
  3 dart slugs
  20 orcs
  10 endoplasms
  9 giant cockroaches
  4 goblins
  6 hobgoblins
  5 jackals
  12 kobolds
  9 quokkas
  14 ball pythons
  6 bats
  6 frilled lizards
  A jackal skeleton (D:4)
  9 rats
290 creatures vanquished.

Vanquished Creatures (others)
  16 foxfires (D:4)
  6 fungi
  26 plants
48 creatures vanquished.

Grand Total: 338 creatures vanquished

Notes
Turn   | Place    | Note
-------+----------+-------------------------------------------
     0 | D:1      | croobank the Gnoll Cinder Acolyte began the quest for the
                  | Orb.
     0 | D:1      | Reached XP level 1. HP: 23/23 MP: 4/4
    75 | D:1      | Identified a scroll of acquirement
   140 | D:1      | Reached XP level 2. HP: 23/29 MP: 5/5
   854 | D:2      | Reached XP level 3. HP: 35/35 MP: 7/7
  1060 | D:2      | Reached skill level 1 in Invocations
  1224 | D:2      | Reached skill level 1 in Short Blades
  1224 | D:2      | Reached skill level 1 in Long Blades
  1224 | D:2      | Reached skill level 1 in Axes
  1224 | D:2      | Reached skill level 1 in Maces & Flails
  1224 | D:2      | Reached skill level 1 in Staves
  1224 | D:2      | Reached skill level 1 in Slings
  1224 | D:2      | Reached skill level 1 in Bows
  1224 | D:2      | Reached skill level 1 in Crossbows
  1224 | D:2      | Reached skill level 1 in Throwing
  1224 | D:2      | Reached skill level 1 in Armour
  1224 | D:2      | Reached skill level 1 in Dodging
  1224 | D:2      | Reached skill level 1 in Stealth
  1224 | D:2      | Reached skill level 1 in Shields
  1224 | D:2      | Reached skill level 1 in Unarmed Combat
  1224 | D:2      | Reached skill level 1 in Evocations
  1711 | D:3      | Found Ceeqipaq's Antique Weapon Shop.
  1715 | D:3      | Reached XP level 4. HP: 41/41 MP: 8/8
  2195 | D:3      | Found a basalt altar of Yredelemnul.
  2349 | D:3      | Found a bloodstained altar of Trog.
  2411 | D:3      | Learned a level 2 spell: Scorch
  2413 | D:3      | Learned a level 1 spell: Animate Skeleton
  2415 | D:3      | Learned a level 1 spell: Summon Small Mammal
  2652 | D:4      | Found a staircase to the Ecumenical Temple.
  2660 | D:4      | Found a transporter.
  2662 | D:4      | Noticed an ogre
  2664 | D:4      | Found a hide-covered altar of Uskayaw.
  2664 | D:4      | Noticed an orc warrior
  2665 | D:4      | Found a transporter.
  2666 | D:4      | Noticed a necrophage
  2684 | D:4      | Found a sacrificial altar of Ru.
  2790 | D:4      | Found a glowing drain.
  2801 | D:4      | Reached skill level 1 in Conjurations
  2801 | D:4      | Reached skill level 1 in Hexes
  2801 | D:4      | Reached skill level 1 in Summonings
  2801 | D:4      | Reached skill level 1 in Necromancy
  2801 | D:4      | Reached skill level 1 in Translocations
  2801 | D:4      | Reached skill level 1 in Transmutations
  2801 | D:4      | Reached skill level 1 in Ice Magic
  2801 | D:4      | Reached skill level 1 in Air Magic
  2801 | D:4      | Reached skill level 1 in Earth Magic
  2801 | D:4      | Reached skill level 1 in Poison Magic
  2946 | D:4      | Reached XP level 5. HP: 30/47 MP: 0/9
  3063 | Sewer    | Entered a sewer
  3591 | Sewer    | Reached XP level 6. HP: 40/53 MP: 5/10
  3924 | D:4      | Acquired a +1 pair of gloves of hurling
  3954 | D:4      | Learned a level 1 spell: Apportation
  3973 | D:4      | Killed a necrophage
  3979 | D:4      | Killed an orc warrior
  3980 | D:4      | Reached XP level 7. HP: 21/60 MP: 7/12
  4208 | D:4      | Acquired 615 gold pieces
  4274 | D:4      | Learned a level 3 spell: Portal Projectile
  4679 | D:5      | Entered Level 5 of the Dungeon
  4935 | D:5      | You fall into a shaft and drop 1 floor!
  4944 | D:6      | Identified the +8 spear "Futhry" {spect, rF+++ rN+++ Str-5
                  | Stlth-}
  5147 | D:5      | Reached XP level 8. HP: 67/67 MP: 7/14
  6450 | D:5      | Found Tyemeriq's Gadget Gallery.
  6519 | D:5      | Learned a level 1 spell: Sting
  6522 | D:5      | Learned a level 2 spell: Poisonous Vapours
  7294 | D:5      | Reached XP level 9. HP: 20/67 MP: 13/16
  7536 | D:5      | Found the +2 ratskin cloak {*Rats rPois rN+ Str-1 Int-1
                  | Dex+1}
  7712 | D:6      | Found a shimmering altar of Xom.
  8197 | D:6      | Reached skill level 5 in Spellcasting
  9306 | D:7      | Noticed Maggie
  9322 | D:7      | Killed Maggie
  9325 | D:7      | Reached skill level 5 in Invocations
  9445 | D:7      | Found Ymukeiz's Jewellery Shop.
  9469 | D:7      | Bought the ring of the Vendetta {rN+ Will- Str+4 Dex+6
                  | SInv} for 1093 gold pieces
  9470 | D:7      | Acquired the +1 helmet "Nifi" {rPois Stlth+}
 10285 | D:8      | Reached XP level 10. HP: 66/80 MP: 18/18
 10410 | D:8      | Learned a level 3 spell: Tukima's Dance
 10587 | D:8      | Reached skill level 5 in Short Blades
 10587 | D:8      | Reached skill level 5 in Long Blades
 10587 | D:8      | Reached skill level 5 in Axes
 10587 | D:8      | Reached skill level 5 in Maces & Flails
 10587 | D:8      | Reached skill level 5 in Staves
 10587 | D:8      | Reached skill level 5 in Slings
 10587 | D:8      | Reached skill level 5 in Bows
 10587 | D:8      | Reached skill level 5 in Crossbows
 10587 | D:8      | Reached skill level 5 in Throwing
 10587 | D:8      | Reached skill level 5 in Armour
 10587 | D:8      | Reached skill level 5 in Dodging
 10587 | D:8      | Reached skill level 5 in Stealth
 10587 | D:8      | Reached skill level 5 in Shields
 10587 | D:8      | Reached skill level 5 in Unarmed Combat
 10587 | D:8      | Reached skill level 5 in Evocations
 10685 | D:8      | Found a staircase to the Lair.
 10741 | D:8      | Learned a level 3 spell: Conjure Flame
 10745 | D:8      | Learned a level 3 spell: Ignite Poison
 11055 | Lair:1   | Entered Level 1 of the Lair of Beasts
 11109 | Lair:1   | Noticed a cane toad
 11117 | Lair:1   | Killed a cane toad
 11160 | Lair:1   | Noticed a cane toad
 11169 | Lair:1   | Killed a cane toad
 12224 | Lair:2   | Noticed a five-headed hydra
 12233 | Lair:2   | Killed a five-headed hydra
 12416 | Lair:2   | Identified the ring of Fawufuj {rC+ Int+6 Slay+3}
 12546 | Lair:2   | Reached XP level 11. HP: 82/87 MP: 15/20
 12571 | Lair:2   | Found a staircase to the Shoals.
 12626 | Lair:2   | Reached skill level 5 in Conjurations
 12626 | Lair:2   | Reached skill level 5 in Hexes
 12626 | Lair:2   | Reached skill level 5 in Summonings
 12626 | Lair:2   | Reached skill level 5 in Necromancy
 12626 | Lair:2   | Reached skill level 5 in Translocations
 12626 | Lair:2   | Reached skill level 5 in Transmutations
 12626 | Lair:2   | Reached skill level 5 in Ice Magic
 12626 | Lair:2   | Reached skill level 5 in Air Magic
 12626 | Lair:2   | Reached skill level 5 in Earth Magic
 12626 | Lair:2   | Reached skill level 5 in Poison Magic
 12695 | Lair:2   | Noticed a five-headed hydra
 12870 | Lair:2   | Killed a five-headed hydra
 13396 | Lair:3   | Found a glowing golden altar of the Shining One.
 13689 | Lair:3   | Found a staircase to the Snake Pit.
 14028 | Lair:3   | Reached XP level 12. HP: 89/96 MP: 20/23
 14611 | Lair:3   | Noticed a four-headed hydra
 14884 | Lair:3   | Killed a four-headed hydra
 14892 | Lair:3   | Slain by a cane toad

Illustrated notes

Levels and vault maps discovered:
D:1:      lordsloth_arrival_two_stooges, layout_rooms,
          chequers_serial_rivers_large_a
D:2:      layout_loops_ring, minmay_misc_feat_cross
D:3:      layout_basic, mainiacjoe_overflow_chevrons,
          mainiacjoe_overflow_24_doors, serial_shops, shop_coins
D:4:      layout_basic, gammafunk_temple_overflow_arena,
          minmay_temple_entry_drinking_statues, portal_sewer_entry_a
D:5:      wander_guarded_unrand_ratskin, layout_loops_corners, enter_ossuary_2,
          nicolae_shop_gadgets
D:6:      layout_layer_cave, lemuel_crystal_altar,
          hangedman_abyss_or_decor_passed
D:7:      layout_basic, serial_shops, nicolae_shop_stone, uniq_maggie
D:8:      layout_basic, david_lair_generic
Lair:1:   layout_hall_layers, nicolae_volcano_entry_s_turn, lemuel_fruit_tree,
          grunt_megastairs_4
Lair:2:   layout_regular_city, shoals_dummy_entry
Lair:3:   hangedman_what_comes_after_a, layout_regular_city, dummy_snake_entry,
          basic_altar, infiniplex_staircase_pool_2

Skill      XL: |  1  2  3  4  5  6  7  8  9 10 11 12 |
---------------+-------------------------------------+-----
Invocations    | 1 2 3 4 5 6 7 |  7.7
Short Blades   | 1 2 3 4 5 6 7 |  7.0
Long Blades    | 1 2 3 4 5 6 7 |  7.0
Axes           | 1 2 3 4 5 6 7 |  7.0
Maces & Flails | 1 2 3 4 5 6 7 |  7.0
Staves         | 1 2 3 4 5 6 7 |  7.0
Slings         | 1 2 3 4 5 6 7 |  7.0
Bows           | 1 2 3 4 5 6 7 |  7.0
Crossbows      | 1 2 3 4 5 6 7 |  7.0
Throwing       | 1 2 3 4 5 6 7 |  7.0
Armour         | 1 2 3 4 5 6 7 |  7.0
Dodging        | 1 2 3 4 5 6 7 |  7.0
Stealth        | 1 2 3 4 5 6 7 |  7.0
Shields        | 1 2 3 4 5 6 7 |  7.0
Unarmed Combat | 1 2 3 4 5 6 7 |  7.0
Evocations     | 1 2 3 4 5 6 7 |  7.0
Spellcasting   | 3 4 5 6 7 |  7.6
Conjurations   | 1 2 3 4 5 |  5.8
Hexes          | 1 2 3 4 5 |  5.8
Summonings     | 1 2 3 4 5 |  5.8
Necromancy     | 1 2 3 4 5 |  5.8
Translocations | 1 2 3 4 5 |  5.8
Transmutations | 1 2 3 4 5 |  5.8
Ice Magic      | 1 2 3 4 5 |  5.8
Air Magic      | 1 2 3 4 5 |  5.8
Earth Magic    | 1 2 3 4 5 |  5.8
Poison Magic   | 1 2 3 4 5 |  5.8
Fighting       | 7 8 9 |  9.7
Polearms       | 7 8 9 |  9.7
Fire Magic     | 6 7 8 |  8.1

Action                   |  1- 3 |  4- 6 |  7- 9 | 10-12 || total
-------------------------+-------+-------+-------+-------++-------
Melee: Spear             |    10 |    10 |   198 |   244 ||   462
       Whip              |    18 |       |       |       ||    18
       Mace              |    67 |    78 |       |       ||   145
       Bite              |     2 |     7 |    16 |    42 ||    67
       Punch             |       |     1 |       |     3 ||     4
 Fire: Shortbow          |       |       |       |     9 ||     9
Throw: Stone             |       |     3 |    15 |     5 ||    23
 Cast: Scorch            |       |    33 |   123 |    56 ||   212
       Summon Small Mamm |       |       |     2 |       ||     2
       Animate Skeleton  |       |       |     1 |       ||     1
       Poisonous Vapours |       |       |       |     1 ||     1
       Conjure Flame     |       |       |       |     3 ||     3
Invok: Foxfire Swarm     |       |     1 |       |       ||     1
       Fiery Armour      |       |     1 |       |       ||     1
Evoke: Wand              |       |       |       |    14 ||    14
  Use: Scroll            |     1 |     2 |    15 |     3 ||    21
       Potion            |       |       |     3 |     1 ||     4
 Stab: Sleeping          |     1 |     1 |     5 |     2 ||     9
       Distracted        |       |       |     1 |     7 ||     8
       Paralysed         |       |       |       |     7 ||     7
Armor: Robe              |    22 |    35 |       |       ||    57
       Scale mail        |       |     7 |       |       ||     7
       Leather armour    |       |       |    42 |   136 ||   178
       Skin              |       |       |    19 |       ||    19
Dodge: Dodged            |    59 |    96 |   106 |   152 ||   413
Block: Buckler           |       |       |       |    48 ||    48

Table legend: (Time is in decaauts)
 A = Elapsed time spent in this place.
 B = Non-inter-level travel time spent in this place.
 C = Inter-level travel time spent in this place.
 D = Time resting spent in this place.
 E = Time spent auto-exploring this place.
 F = Levels seen in this place.
 G = Mean time per level.
                   A        B        C        D        E       F      G
               +--------+--------+--------+--------+--------+-----+--------+
         Total |  14927 |  14505 |    422 |   4087 |   7224 |  12 | 1243.9 |
       Dungeon |  10251 |   9861 |    390 |   2367 |   5213 |   8 | 1281.4 |
          Lair |   3780 |   3748 |     32 |   1448 |   1591 |   3 | 1260.0 |
         Sewer |    895 |    895 |      0 |    272 |    420 |   1 |  895.0 |
               +--------+--------+--------+--------+--------+-----+--------+

Top non-repeatable levels by time:
     D:5: 2845 daAuts
  Lair:2: 1896 daAuts
     D:6: 1466 daAuts
     D:7: 1196 daAuts
     D:3: 1136 daAuts
  Lair:1: 1095 daAuts
     D:2: 1062 daAuts
     D:4: 1051 daAuts
   Sewer: 895 daAuts
     D:8: 804 daAuts
  Lair:3: 788 daAuts
     D:1: 689 daAuts
